 Dungeon Crawl Stone Soup version 0.31-a0-233-g139696dc86 (webtiles) character file.

Game seed: 10985185661726327102

41 qw the Shooter (level 3, -1/21 HPs)
             Began as a Gargoyle Hexslinger on July 7, 2023.
             Slain by Terence
             ... wielding a +0 short sword
              (3 damage)
             ... on level 2 of the Dungeon.
             The game lasted 00:00:28 (725 turns).

qw the Shooter (Gargoyle Hexslinger)                 Turns: 725, Time: 00:00:29

Health: -1/21      AC:  6    Str: 11    XL:     3   Next: 52%
Magic:  4/4        EV: 12    Int: 13    God:
Gold:   69         SH:  0    Dex: 14    Spells: 3/4 levels left

rFire   . . .        Y - +1 sling
rCold   . . .        (no shield)
rNeg    + . .        c - +0 robe
rPois   inf          (no helmet)
rElec   +            (no cloak)
rCorr   .            h - +0 pair of gloves
SInv    .            (no boots)
Will    .....        (no amulet)
Stlth   +            (no ring)
HPRegen 0.23/turn    (no ring)
MPRegen 0.09/turn

%: no passive effects
@: no status effects
A: sickness immunity, AC +3, negative energy resistance 1, electricity
resistance, torment resistance 1, petrification resistance
a: no special abilities


You were on level 2 of the Dungeon.
You visited 1 branch of the dungeon, and saw 2 of its levels.

You collected 69 gold pieces.


Innate Abilities, Weirdness & Mutations

You are immune to sickness and miasma.
Your stone body is resilient. (AC +3)
You are immune to poison.
You resist negative energy. (rN+)
You are resistant to electric shocks. (rElec)
You are resistant to unholy torment.
You are immune to petrification.


   Skills:
 - Level 2.0 Fighting
 + Level 3.4 Ranged Weapons
 - Level 1.5 Dodging
 - Level 1.0 Spellcasting
 - Level 2.6 Hexes


You had 3 spell levels left.
You knew the following spells:

 Your Spells              Type           Power      Damage    Failure   Level
a - Slow                  Hex            28%        N/A       10%         1

Your spell library contained the following spells:

 Spells                   Type           Power      Damage    Failure   Level
 Inner Flame              Hex/Fire       4%         N/A       43%         3
 Portal Projectile        Hex/Tloc       8%         N/A       43%         3
 Cause Fear               Hex            3%         N/A       67%         4

Inventory:

Hand Weapons
 Y - a +1 sling (weapon)
Armour
 c - a +0 robe (worn)
 h - a +0 pair of gloves (worn)
Potions
 d - a potion of haste {unknown}
 f - a potion of might {unknown}

Dungeon Overview and Level Annotations

Branches:
Dungeon (2/15)

Altars:

Annotations:
D:2 Terence


Message History

Terence misses you.
You shoot a sling bullet. The sling bullet barely misses Terence.
Terence closely misses you.
You shoot a sling bullet.
The sling bullet hits Terence but does no damage.
Terence is moderately wounded.
Terence hits you but does no damage. Terence closely misses you.
You shoot a sling bullet. The sling bullet barely misses Terence.
A worm comes into view.
Terence looks scornfully at you. Terence closely misses you.
You shoot a sling bullet.
The sling bullet closely misses Terence.
Terence misses you.
You shoot a sling bullet. The sling bullet hits Terence.
Terence is heavily wounded.
Terence barely misses you.
You shoot a sling bullet.
The sling bullet hits Terence but does no damage.
Terence is heavily wounded.
Terence hits you with a +0 short sword. Terence misses you.
You shoot a sling bullet.
The sling bullet closely misses Terence.
Terence misses you.
You shoot a sling bullet.
The sling bullet hits Terence but does no damage.
Terence is heavily wounded.
Terence hits you but does no damage. The worm barely misses you.
You shoot a sling bullet. The sling bullet barely misses Terence.
Terence hits you with a +0 short sword. The worm bites you.
You shoot a sling bullet. The sling bullet barely misses Terence.
Terence barely misses you. x2
You shoot a sling bullet. The sling bullet hits Terence.
Terence is almost dead.
The worm bites you. Terence hits you but does no damage.
You shoot a sling bullet.
The sling bullet hits Terence but does no damage.
Terence is almost dead.
Terence hits you with a +0 short sword.
You die...

#. ###.
##.#.##########
#<.............
.......w@.....#
#......@##
..}...}..##
..........#
....}...%.#
.>.....<..#
....}.....#
..........#
..}...}..##
#.......##


You could see Terence and a worm.

Vanquished Creatures
  An adder (D:1)
  2 bats
  An endoplasm (D:1)
  2 giant cockroaches (D:1)
  5 hobgoblins (D:1)
  5 quokkas
  3 ball pythons (D:1)
  2 frilled lizards (D:1)
  3 goblins (D:1)
  4 kobolds (D:1)
  2 rats (D:1)
30 creatures vanquished.

Notes
Turn   | Place    | Note
-------+----------+-------------------------------------------
     0 | D:1      | qw the Gargoyle Hexslinger began the quest for the Orb.
     0 | D:1      | Reached XP level 1. HP: 12/12 MP: 2/2
     0 | D:1      | 0 ||| qw: Version: 0.3-a-46-gb1f654a
     0 | D:1      | 0 ||| qw: Game counter: 3294
     0 | D:1      | 0 ||| qw: Melee chars always use a shield: true
     0 | D:1      | 0 ||| qw: God list: Okawaru
     0 | D:1      | 0 ||| qw: Allow faded altars: false
     0 | D:1      | 0 ||| qw: Do Orc after clearing Dungeon:15 true
     0 | D:1      | 0 ||| qw: Do second Lair branch before Depths: true
     0 | D:1      | 0 ||| qw: Lair rune preference: random
     0 | D:1      | 0 ||| qw: Goals: Normal
     0 | D:1      | 0 ||| PLANNING D:1-11
   136 | D:1      | Reached XP level 2. HP: 16/16 MP: 3/3
   270 | D:1      | Reached skill level 3 in Ranged Weapons
   477 | D:1      | Reached XP level 3. HP: 18/21 MP: 4/4
   602 | D:1      | 602 ||| UPGRADING to +0 pair of gloves.
   607 | D:1      | 607 ||| READING scroll labelled DEEQEX SUD UNG.
   608 | D:1      | 608 ||| READING scroll labelled IWUASI KERU.
   609 | D:1      | 609 ||| READING scroll labelled LANEAKEP KAFYWK.
   610 | D:1      | 610 ||| READING scroll labelled UZXEKU VOEX.
   613 | D:1      | 613 ||| DROPPING scroll of poison.
   648 | D:2      | 648 ||| STAIRDANCE
   706 | D:2      | Noticed Terence
   724 | D:2      | HP: 1/21 [worm (6)]
   725 | D:2      | Slain by Terence

Levels and vault maps discovered:
D:1:      amcnicky_arrival_double_pillar, layout_loops_ring
D:2:      layout_loops_corners, basic_altar, serial_rivers,
          chequers_serial_rivers_micro_e, chequers_serial_rivers_micro_a,
          chequers_serial_rivers_small_3, chequers_serial_rivers_large_a,
          grunt_ministairs_10, uniq_terence

Skill      XL: |  1  2 |
---------------+-------+-----
Ranged Weapons | 3 |  3.4
Fighting       | 2 |  2.0
Dodging        | |  1.5
Spellcasting   | |  1.0
Hexes          | |  2.6

Action                     || total
---------------------------++-------
   Fire: Sling             ||   141
    Use: Scroll            ||     4
 Armour: Robe              ||    39
  Dodge: Dodged            ||   103

Table legend:
 A = Non-vault XP
 B = Vault XP
 C = Vault XP percentage of total XP
 D = Non-vault monster count
 E = Vault monster count
 F = Vault count percentage of total count
                 A         B        C        D         E       F
            +---------+---------+-------+---------+---------+-------
      Total |      45 |      14 |  23.7 |      28 |       2 |   6.7
            +---------+---------+-------+---------+---------+-------
        D:1 |      42 |      14 |  25.0 |      26 |       2 |   7.1
        D:2 |       3 |       0 |   0.0 |       2 |       0 |   0.0
            +---------+---------+-------+---------+---------+-------
